 Dungeon Crawl Stone Soup version 0.27.0-1-g7a089689b8 (webtiles) character file.

Game seed: 10718828035133635708

89424 SnakkuSnakku7 the Severer (level 16, -3/127 HPs)
             Began as a Formicid Fighter on Aug 11, 2021.
             Was the Champion of Okawaru.
             Splashed by a caustic shrike's acid (8 damage)
             ... on level 2 of the Depths.
             The game lasted 00:28:30 (17647 turns).

SnakkuSnakku7 the Severer (Formicid Fighter)       Turns: 17647, Time: 00:28:30

Health: -3/127     AC: 16    Str: 25    XL:     16   Next: 43%
Magic:  0/22       EV: 18    Int: 11    God:    Okawaru [******]
Gold:   2095       SH: 14    Dex: 14    Spells: 15/15 levels left

rFire    . . .     SeeInvis +   a - +7 battleaxe (elec)
rCold    . . .     Faith    .   c - +0 kite shield
rNeg     . . .     Spirit   +   G - +0 storm dragon scales
rPois    .         Reflect  .   (helmet unavailable)
rElec    +         Harm     .   D - +2 cloak
rCorr    .         Rampage  .   r - +0 pair of gloves
Will     ++...                  j - +1 pair of boots
Stlth    ..........             H - amulet "Ubogoc" {Spirit Regen+ Dex+4}
HPRegen  1.31/turn              g - ring of willpower
MPRegen  0.18/turn              x - +4 ring of evasion

@: heroic, corroded
A: permanent stasis, dig shafts and tunnels, antennae 3, four strong arms
a: Dig, Shaft Self, Renounce Religion, Heroism, Finesse


You were on level 2 of the Depths.
You worshipped Okawaru.
Okawaru was exalted by your worship.
You visited 3 branches of the dungeon, and saw 18 of its levels.
You also visited: Gauntlet.

You collected 2095 gold pieces.

Inventory:

Hand Weapons
 a - a +7 battleaxe of electrocution (weapon)
 b - the +8 morningstar of Okawaru's Vengeance {holy, rElec rN+}
   (Okawaru gifted it to you on level 14 of the Dungeon)

   It has been blessed by the Shining One to cause great damage to the undead
   and demons.
   rElec:     It insulates you from electricity.
   rN:        It protects you from negative energy.
Missiles
 m - 7 curare-tipped darts
 t - 50 poisoned darts (quivered)
Armour
 c - a +0 kite shield (worn)
 j - a +1 pair of boots (worn)
 r - a +0 pair of gloves (worn)
 D - a +2 cloak (worn)
 G - +0 storm dragon scales (worn)
 J - a +4 chain mail
 N - a +1 cloak of preservation
Jewellery
 g - a ring of willpower (left hand)
 u - the ring of Xot Nia {Fire rElec rPois Will+ Str-3 Stlth+}
   (You found it on level 4 of the Dungeon)

   [ring of fire]

   It enhances your fire magic.
   Str:       It affects your strength (-3).
   rF:        It protects you from fire.
   rC:        It makes you vulnerable to cold.
   rElec:     It insulates you from electricity.
   rPois:     It protects you from poison.
   Will:      It increases your willpower.
   Stlth:     It makes you more stealthy.
 x - a +4 ring of evasion (right hand)
 H - the amulet "Ubogoc" (around neck) {Spirit Regen+ Dex+4}
   (You found it in a Gauntlet)

   [amulet of guardian spirit]

   It causes incoming damage to be divided between your reserves of health and
   magic.
   Dex:       It affects your dexterity (+4).
   Regen:     It increases your rate of health regeneration.
 K - a ring of willpower
 Q - a ring of resist corrosion
Wands
 h - a wand of iceblast (24)
 w - a wand of mindburst (49)
 y - a wand of polymorph (17)
 E - a wand of paralysis (2)
 L - a wand of flame (82)
 O - a wand of digging (7)
Scrolls
 i - 2 scrolls of immolation
 l - a scroll of holy word
 s - a scroll of fog
 z - 3 scrolls of vulnerability
 I - a scroll of silence
Potions
 d - 2 potions of flight {unknown}
 f - a potion of ambrosia
 k - 4 potions of mutation
 n - 5 potions of resistance
 o - a potion of magic {unknown}
 q - 3 potions of curing
 v - 3 potions of attraction
 A - 2 potions of brilliance
 B - a potion of might
 C - 5 potions of lignification
 F - a potion of cancellation {unknown}


   Skills:
 - Level 12.0(17.0) Fighting
 + Level 19.4(24.4) Axes
 - Level 10.0(15.0) Armour
 - Level 8.0(13.0) Dodging
 - Level 9.0(14.0) Shields
 - Level 9.0 Invocations


You had 15 spell levels left.
You didn't know any spells.
Your spell library contained the following spells:

 Spells                   Type           Power      Damage    Failure   Level
 Corona                   Hex            0%         N/A       80%         1
 Foxfire                  Conj/Fire      0%         2x1d4     80%         1
 Sandblast                Erth           0%         2d4       80%         1
 Ensorcelled Hibernation  Hex/Ice        0%         N/A       91%         2
 Passwall                 Tmut/Erth      0%         N/A       91%         2
 Slow                     Hex            0%         N/A       91%         2
 Static Discharge         Conj/Air       0%         N/A       91%         2
 Confusing Touch          Hex            0%         N/A       99%         3
 Conjure Flame            Conj/Fire      0%         6-21      99%         3
 Inner Flame              Hex/Fire       0%         N/A       99%         3
 Portal Projectile        Hex/Tloc       0%         N/A       99%         3
 Tukima's Dance           Hex            0%         N/A       99%         3
 Blade Hands              Tmut           0%         N/A       100%        5
 Excruciating Wounds      Necr           0%         N/A       100%        5
 Lee's Rapid Deconstruct  Erth           0%         3d5*      100%        5
 Lightning Bolt           Conj/Air       0%         1d11      100%        5
 Summon Forest            Summ/Tloc      0%         N/A       100%        5
 Yara's Violent Unravell  Hex/Tmut       0%         3d3       100%        5
 Eringya's Noxious Bog    Tmut/Pois      0%         N/A       100%        6
 Summon Hydra             Summ           0%         N/A       100%        7
 Maxwell's Capacitive Co  Air            0%         ∞         100%        8


Dungeon Overview and Level Annotations

Branches:
Dungeon (15/15)            Temple (1/1) D:4            Lair (0/6) D:10
    Orc (0/2) D:9          Vaults (0/5) D:13         Depths (2/5) D:15
Gauntlet (visited)

Altars:
Ashenzari
Cheibriados
Dithmenos
Elyvilon
Fedhas
Gozag
Hepliaklqana
Kikubaaqudgha
Makhleb
Nemelex Xobeh
Okawaru
Qazlal
Sif Muna
Trog
Uskayaw
Vehumet
Wu Jian
Xom
Yredelemnul
Zin
The Shining One

Shops:
D:2 [

Portals:
Hell: Depths:2
Pandemonium: Depths:1
Trove: D:11 (give horn of Geryon)

Annotations:
D:6 1 runed translucent door
Depths:2 Sojobo


Innate Abilities, Weirdness & Mutations

You cannot be hasted, slowed, berserked, paralysed or teleported.
You can dig through walls and to a lower floor.
You have a pair of large antennae on your head. (SInv)
Your four strong arms can wield two-handed weapons with a shield.


Message History

The caustic shrike is moderately wounded.
You block the caustic shrike's attack.
You barely miss the caustic shrike.
The caustic shrike is moderately wounded.
You block the caustic shrike's attack. x2
You miss the caustic shrike.
The caustic shrike is moderately wounded.
The caustic shrike claws you but does no damage.
You slash the caustic shrike!
The caustic shrike is heavily wounded.
The caustic shrike claws you!!
You are splashed with acid!
You block the caustic shrike's attack.
You closely miss the caustic shrike.
The caustic shrike is moderately wounded.
You block the caustic shrike's attack.
You slash the caustic shrike!
The caustic shrike is heavily wounded.
The caustic shrike barely misses you.
You slash the caustic shrike!
The caustic shrike is heavily wounded.
You hear a shout!
The caustic shrike claws you. The acid corrodes you!
You are splashed with acid.
The caustic shrike claws you. The acid corrodes you!
You are splashed with acid!
You hear two shouts!
You slice the caustic shrike!!
Lightning courses through the caustic shrike!
The caustic shrike is almost dead.
The caustic shrike claws you!!
You are splashed with acid!
* * * LOW HITPOINT WARNING * * *
You miss the caustic shrike.
The caustic shrike is almost dead.
The caustic shrike claws you!
* * * LOW HITPOINT WARNING * * *
You are splashed with acid!
* * * LOW HITPOINT WARNING * * *
The caustic shrike claws you!
* * * LOW HITPOINT WARNING * * *
You are splashed with acid!
You die...

{ { { { { #
#####.#
##.....
##....
##...#
######.).#
.......@.#
..######b#{{
#$$${D##
#$$$${{#
#$$$$$$$$
#$$$$$$$$#
#$$$$$$$$#
#$$$$$$R$#
##$$$$$$##


You could see a caustic shrike.

Vanquished Creatures
  A tentacled monstrosity (Depths:2)
  A lich (Depths:2)
  Rupert (D:15)
  2 tengu reavers (Depths:2)
  A storm dragon (Depths:1)
  A frost giant (Depths:1)
  6 very ugly things (Depths:1)
  2 stone giants
  A minotaur (Gauntlet)
  5 ettins
  A great orb of eyes (Depths:1)
  A fire dragon (Depths:1)
  3 hydras
  An ice dragon (Depths:2)
  2 rakshasas
  4 boulder beetles
  A centaur warrior (D:13)
  An ogre mage (D:12)
  5 tengu warriors
  2 dancing weapons (D:13)
  3 deep troll earth magi
  8 two-headed ogres
  2 deep troll shamans (Depths:1)
  Sonja (D:13)
  2 soul eaters
  A hell knight (Depths:1)
  2 salamander mystics (Depths:1)
  2 iron trolls (Depths:1)
  8 deep trolls
  2 wizards (Depths:1)
  The ghost of pkoi the Grappler, a novice DrMo of Zin (D:6)
  20 ugly things
  A necromancer (Gauntlet)
  3 cyclopes
  A deep elf pyromancer (D:14)
  6 salamanders (Depths:1)
  Maurice (D:13)
  A molten gargoyle (Depths:2)
  Joseph (D:8)
  2 gargoyles
  3 unseen horrors
  A kobold demonologist (D:10)
  A yaktaur (D:15)
  A komodo dragon (D:12)
  2 freezing wraiths
  3 tengu conjurers
  5 trolls
  10 slime creatures
  5 wyverns
  13 yaks
  Eustachio (D:3)
  A shadow (D:9)
  2 fire bats (Depths:2)
  2 wraiths
  A fire elemental (Depths:1)
  6 vampire mosquitoes
  2 basilisks
  Edmund (D:4)
  3 large abominations (Gauntlet)
  2 acid dragons
  4 water moccasins
  4 orc warriors
  4 black bears
  4 ice beasts (D:7)
  4 sky beasts
  3 ogres
  6 wolves
  13 centaurs
  6 kobold brigands
  A gnoll sergeant (D:10)
  Blork the orc (D:6)
  10 bullfrogs
  5 scorpions
  A wyvern zombie (D:9)
  A wyvern skeleton (D:7)
  7 killer bees
  22 wights
  7 howler monkeys
  4 electric eels
  A bullfrog zombie (D:7)
  A jelly (D:7)
  2 centaur zombies
  5 hounds
  Crazy Yiuf (D:3)
  2 orc priests
  3 small abominations (Gauntlet)
  A centaur skeleton (D:7)
  3 iguanas
  14 orc wizards
  A killer bee zombie (D:7)
  A hound skeleton (D:4)
  A howler monkey zombie (D:5)
  8 gnolls
  2 shadow imps (Gauntlet)
  An ufetubus (D:5)
  2 adder skeletons (D:4)
  4 worms
  2 dart slugs
  24 orcs
  5 ball pythons
  9 endoplasms
  7 giant cockroaches
  10 goblins
  10 hobgoblins
  8 jackals
  5 quokkas
  4 bats
  6 frilled lizards
  7 kobolds
  4 rats
436 creatures vanquished.

Vanquished Creatures (others)
  A kobold (D:10)
  23 demonic plants (Gauntlet)
  A fungus (D:10)
  40 plants
65 creatures vanquished.

Grand Total: 501 creatures vanquished

Notes
Turn   | Place    | Note
-------+----------+-------------------------------------------
     0 | D:1      | SnakkuSnakku7 the Formicid Fighter began the quest for the
                  | Orb.
     0 | D:1      | Reached XP level 1. HP: 18/18 MP: 1/1
   179 | D:1      | Reached XP level 2. HP: 24/24 MP: 2/2
   325 | D:1      | Reached XP level 3. HP: 7/29 MP: 3/3
   845 | D:2      | Reached skill level 3 in Axes
  1004 | D:2      | Reached XP level 4. HP: 14/35 MP: 4/4
  1356 | D:2      | Found Inypaxi's Armour Shoppe.
  1408 | D:3      | Found a white marble altar of Elyvilon.
  1408 | D:3      | Found a shadowy altar of Dithmenos.
  1458 | D:3      | Found a runed translucent door.
  1459 | D:3      | Noticed Crazy Yiuf
  1552 | D:3      | Reached skill level 5 in Shields
  1710 | D:4      | Reached XP level 5. HP: 30/41 MP: 5/5
  2206 | D:3      | Killed Crazy Yiuf
  2207 | D:3      | Reached skill level 4 in Axes
  2386 | D:4      | Noticed Eustachio
  2591 | D:3      | Killed Eustachio
  2592 | D:3      | Reached XP level 6. HP: 41/47 MP: 6/6
  2624 | D:4      | Found a staircase to the Ecumenical Temple.
  2638 | Temple   | Entered the Ecumenical Temple
  2754 | Temple   | Became a worshipper of Warmaster Okawaru
  2969 | D:4      | Found a burning altar of Makhleb.
  3147 | D:4      | Identified the ring of Xot Nia {Fire rElec rPois Will+
                  | Str-3 Stlth+}
  3170 | D:4      | Reached skill level 5 in Axes
  3171 | D:4      | Reached XP level 7. HP: 51/52 MP: 7/7
  3299 | D:4      | Noticed Edmund
  3314 | D:4      | Killed Edmund
  3790 | D:5      | Entered Level 5 of the Dungeon
  4334 | D:5      | Found an opulent altar of Gozag.
  4349 | D:5      | Reached skill level 6 in Axes
  4523 | D:5      | Reached * piety under Okawaru
  4524 | D:5      | Reached XP level 8. HP: 42/57 MP: 8/8
  4993 | D:6      | Reached skill level 7 in Axes
  5163 | D:6      | Found a runed translucent door.
  5168 | D:6      | Noticed pkoi's ghost (novice DrMo)
  5256 | D:6      | Noticed Blork the orc
  5269 | D:6      | Killed Blork the orc
  5603 | D:6      | Killed pkoi's ghost
  5603 | D:6      | Reached ** piety under Okawaru
  5604 | D:6      | Reached skill level 9 in Axes
  5604 | D:6      | Reached XP level 9. HP: 56/64 MP: 7/9
  5991 | D:6      | Reached *** piety under Okawaru
  6013 | D:6      | Found a runed translucent door.
  6188 | D:6      | Reached skill level 10 in Axes
  6528 | D:7      | Reached XP level 10. HP: 22/73 MP: 10/10
  6785 | D:7      | Reached skill level 5 in Fighting
  6955 | D:7      | Reached **** piety under Okawaru
  6956 | D:7      | Reached skill level 11 in Axes
  7233 | D:7      | Found a glowing silver altar of Zin.
  7945 | D:7      | Reached skill level 1 in Invocations
  7994 | D:7      | Reached ***** piety under Okawaru
  8021 | D:7      | Identified a scroll of acquirement
  8026 | D:7      | Acquired 960 gold pieces
  8286 | D:8      | Noticed Joseph
  8302 | D:8      | Killed Joseph
  8303 | D:8      | Reached skill level 12 in Axes
  8495 | D:8      | Reached XP level 11. HP: 83/84 MP: 14/14
  8662 | D:8      | Reached skill level 5 in Invocations
  8668 | D:8      | Found a shimmering altar of Xom.
  8671 | D:8      | Found a shimmering altar of Xom.
  8671 | D:8      | Found a shimmering altar of Xom.
  8671 | D:8      | Found a shimmering altar of Xom.
  8673 | D:8      | Found a shimmering altar of Xom.
  8673 | D:8      | Found a shimmering altar of Xom.
  8758 | D:8      | Noticed an orb spider
  8758 | D:8      | an orb spider changed into a redback
  8770 | D:8      | Noticed a cyclops
  8854 | D:8      | Noticed a glowing orange brain
  8895 | D:9      | Received a gift from Okawaru
  9186 | D:9      | Found a staircase to the Orcish Mines.
  9638 | D:10     | Entered Level 10 of the Dungeon
  9654 | D:10     | Reached skill level 13 in Axes
  9655 | D:10     | Found a staircase to the Lair.
 10323 | D:10     | Noticed a two-headed ogre
 10338 | D:10     | Killed a two-headed ogre
 10364 | D:10     | Identified the +8 mace of the People {vorpal, Fly rPois
                  | Dex+3}
 10586 | D:10     | Noticed a two-headed ogre
 10596 | D:10     | Killed a two-headed ogre
 10597 | D:10     | Reached XP level 12. HP: 91/91 MP: 15/18
 10956 | D:11     | Reached skill level 14 in Axes
 11143 | D:11     | Found a portal to a secret trove of treasure.
 11482 | D:12     | Noticed an ogre mage
 11482 | D:12     | Noticed a two-headed ogre
 11482 | D:12     | Noticed a two-headed ogre
 11515 | D:12     | Killed a two-headed ogre
 11517 | D:12     | Killed an ogre mage
 11517 | D:12     | Received a gift from Okawaru
 11518 | D:12     | Noticed a two-headed ogre
 11518 | D:12     | Noticed a two-headed ogre
 11518 | D:12     | Noticed a two-headed ogre
 11518 | D:12     | Noticed a two-headed ogre
 11521 | D:12     | Killed a two-headed ogre
 11522 | D:12     | Reached skill level 15 in Axes
 11524 | D:12     | Killed a two-headed ogre
 11533 | D:12     | Killed a two-headed ogre
 11570 | D:12     | HP: 1/91 [centaur/arrow (6)]
 11889 | D:12     | Killed a two-headed ogre
 11896 | D:12     | Killed a two-headed ogre
 12024 | D:12     | Reached ****** piety under Okawaru
 12087 | D:12     | Reached skill level 16 in Axes
 12144 | D:12     | Received a gift from Okawaru
 12145 | D:12     | Reached XP level 13. HP: 84/96 MP: 19/19
 12252 | D:12     | Reached skill level 5 in Armour
 12642 | D:13     | Noticed a centaur warrior
 12649 | D:13     | Killed a centaur warrior
 12684 | D:13     | Noticed a boulder beetle
 12707 | D:13     | Killed a boulder beetle
 12744 | D:13     | Found a gate to the Vaults.
 12833 | D:13     | Noticed a boulder beetle
 12844 | D:13     | Killed a boulder beetle
 12847 | D:13     | Noticed a seven-headed hydra
 12932 | D:13     | Noticed Maurice
 12947 | D:13     | Killed Maurice
 12977 | D:13     | Noticed Sonja
 13000 | D:13     | Reached skill level 10 in Armour
 13003 | D:13     | Killed Sonja
 13376 | D:13     | Killed a seven-headed hydra
 13382 | D:13     | Noticed a boulder beetle
 13406 | D:13     | Killed a boulder beetle
 13406 | D:13     | Received a gift from Okawaru
 13906 | D:14     | Noticed a boulder beetle
 13917 | D:14     | Killed a boulder beetle
 14034 | D:14     | Found a gate leading to a gauntlet.
 14039 | Gauntlet | Entered a Gauntlet
 14039 | Gauntlet | Found a transporter.
 14039 | Gauntlet | Found a transporter.
 14044 | Gauntlet | Found a transporter.
 14059 | Gauntlet | Found a transporter.
 14074 | Gauntlet | Found a transporter.
 14088 | Gauntlet | Found a transporter.
 14094 | Gauntlet | Noticed a green death
 14106 | Gauntlet | Found a transporter.
 14175 | Gauntlet | Found a transporter.
 14190 | Gauntlet | Found a transporter.
 14204 | Gauntlet | Found a transporter.
 14217 | Gauntlet | Found a transporter.
 14307 | Gauntlet | Found a transporter.
 14307 | Gauntlet | Found a transporter.
 14320 | Gauntlet | Found a transporter.
 14446 | Gauntlet | Reached skill level 10 in Fighting
 14446 | Gauntlet | Reached XP level 14. HP: 79/110 MP: 18/20
 14470 | Gauntlet | Found a transporter.
 14482 | Gauntlet | Received a gift from Okawaru
 14499 | Gauntlet | Identified the amulet "Ubogoc" {Spirit Regen+ Dex+4}
 14615 | Gauntlet | Noticed a minotaur
 14621 | Gauntlet | Killed a minotaur
 14773 | D:14     | Identified the +8 morningstar of Okawaru's Vengeance {holy,
                  | rElec rN+} (Okawaru gifted it to you on level 14 of the
                  | Dungeon)
 14773 | D:14     | Received a gift from Okawaru
 14834 | D:14     | Reached skill level 1 in Dodging
 15150 | D:14     | Found a white marble altar of Elyvilon.
 15190 | D:15     | Entered Level 15 of the Dungeon
 15312 | D:15     | Noticed Rupert
 15337 | D:15     | Identified the +3 demon whip of Overwhelming Force {venom,
                  | *Corrode Fly rPois Int+4} (Okawaru gifted it to you on
                  | level 15 of the Dungeon)
 15337 | D:15     | Received a gift from Okawaru
 15350 | D:15     | Killed Rupert
 15351 | D:15     | Reached skill level 5 in Dodging
 15433 | D:15     | Found a staircase to the Depths.
 15433 | D:15     | Noticed a stone giant
 15471 | D:15     | Killed a stone giant
 15770 | Depths:1 | Entered Level 1 of the Depths
 15776 | Depths:1 | Noticed a frost giant
 15784 | Depths:1 | Killed a frost giant
 15933 | Depths:1 | Received a gift from Okawaru
 15934 | Depths:1 | Reached XP level 15. HP: 70/120 MP: 11/21
 15992 | Depths:1 | Noticed a brown very ugly thing
 15992 | Depths:1 | Noticed a brown very ugly thing
 15992 | Depths:1 | Noticed a brown very ugly thing
 15992 | Depths:1 | Noticed a brown very ugly thing
 15992 | Depths:1 | Noticed a brown very ugly thing
 16005 | Depths:1 | Killed a green very ugly thing
 16012 | Depths:1 | Killed a green very ugly thing
 16025 | Depths:1 | Killed a green very ugly thing
 16034 | Depths:1 | Killed a cyan very ugly thing
 16039 | Depths:1 | Killed a green very ugly thing
 16039 | Depths:1 | Received a gift from Okawaru
 16140 | Depths:1 | Reached skill level 17 in Axes
 16185 | Depths:1 | You fall into a shaft and drop 1 floor!
 16190 | Depths:2 | Identified the +2 quick blade of Gaoby {vorpal, Fly Int+2}
                  | (Okawaru gifted it to you on level 2 of the Depths)
 16190 | Depths:2 | Received a gift from Okawaru
 16194 | Depths:2 | Noticed a lich
 16199 | Depths:2 | Noticed a tentacled monstrosity
 16199 | Depths:2 | Noticed a stone giant
 16206 | Depths:2 | Killed a lich
 16206 | Depths:2 | HP: 4/120 [tentacled monstrosity (7)]
 16217 | Depths:2 | Killed a tentacled monstrosity
 16220 | Depths:2 | Killed a stone giant
 16313 | Depths:2 | Noticed a tengu reaver
 16339 | Depths:2 | Killed a tengu reaver
 16340 | Depths:2 | Reached skill level 18 in Axes
 16342 | Depths:2 | Noticed a tengu reaver
 16359 | Depths:2 | Killed a tengu reaver
 16371 | Depths:2 | Noticed Sojobo
 16460 | Depths:2 | Noticed a reaper
 16462 | Depths:2 | Found a gateway to Hell.
 16551 | Depths:2 | Received a gift from Okawaru
 16777 | Depths:1 | Reached XP level 16. HP: 121/127 MP: 19/22
 17069 | Depths:1 | Reached skill level 19 in Axes
 17208 | Depths:1 | Received a gift from Okawaru
 17330 | Depths:1 | Found a one-way gate leading to the halls of Pandemonium.
 17375 | Depths:1 | Noticed a storm dragon
 17388 | Depths:1 | Killed a storm dragon
 17582 | Depths:1 | You fall into a shaft and drop 1 floor!
 17636 | Depths:2 | Noticed a caustic shrike
 17647 | Depths:2 | HP: 5/127 [caustic shrike (11)]
 17647 | Depths:2 | Splashed by a caustic shrike's acid

Illustrated notes

Levels and vault maps discovered:
D:1:      lightli_arrival_farm, layout_basic
D:2:      layout_loops_ring, serial_shops, shop_statue
D:3:      layout_loops_ring, mainiacjoe_overflow_catwalk_spiral,
          uniq_crazy_yiuf_cottage
D:4:      layout_loops_corners, kennysheep_mini_moat,
          minmay_temple_entry_offerings, kennysheep_opposing_triangles,
          uniq_edmund, uniq_eustachio
D:5:      layout_basic, nicolae_gozag_cash_rules_everything_around_me,
          hangedman_abyss_or_decor_stabs, nicolae_sextant
D:6:      layout_loops_ring, serial_bayou, serial_bayou_lake_a,
          serial_bayou_pond_a, serial_bayou_pond_d, serial_bayou_pond_c,
          ebering_ghost_sewer_f, uniq_blork_the_orc
D:7:      minmay_bubble_buster, layout_basic, kennysheep_little_box,
          kennysheep_generic_room_16
D:8:      layout_cave_pods, xom_shifter_show, uniq_joseph
D:9:      layout_loops_ring, orc_0_dummy
D:10:     layout_basic, minmay_lair_entry_grove
D:11:     layout_cave_pools, nicolae_trove_entry_crystal, blue_anna_alchemist
D:12:     layout_gridville
D:13:     layout_long_grid, erik_vaults_1, uniq_sonja, uniq_maurice
D:14:     layout_rooms, ebering_dispersal_statue_hall, gauntlet_entry_generic,
          nicolae_elyvilon_temple_path
D:15:     grunt_enter_depths_giant_problem, layout_cave_pools, uniq_rupert
Temple:   eino_temple_scatter_basement
Depths:1: layout_basic, hangedman_geh_valley, nicolae_lava_and_water, pan_entry,
          hex_intersection, roderic_serpentine_path, kennysheep_pointless_box,
          st_stairs_7, drop_trap, minmay_serpent_palace
Depths:2: minmay_octagon_city, layout_honeycomb, hellmouth_1,
          chequers_serial_rivers_micro_b, abyss_entry, serial_shops,
          nicolae_inconvenience_store, uniq_sojobo

Skill      XL: |  1  2  3  4  5  6  7  8  9 10 11 12 13 14 15 16 |
---------------+-------------------------------------------------+-----
Shields        | 4 5 6 7 9 |  9.0
Axes           | 3 4 5 6 9 10 12 13 16 18 19 | 19.4
Fighting       | 4 7 10 12 | 12.0
Invocations    | 4 9 |  9.0
Armour         | 10 | 10.0
Dodging        | 7 8 |  8.0

Action                   |  1- 3 |  4- 6 |  7- 9 | 10-12 | 13-15 | 16-18 || total
-------------------------+-------+-------+-------+-------+-------+-------++-------
Melee: War axe           |    88 |   149 |   108 |       |       |       ||   345
       Battleaxe         |       |       |   127 |   490 |   540 |   148 ||  1305
       Morningstar       |       |       |       |       |    18 |       ||    18
Throw: Throwing net      |       |     1 |       |       |       |       ||     1
       Dart              |       |       |     6 |     9 |    30 |       ||    45
Invok: Heroism           |       |       |     5 |    12 |    12 |     6 ||    35
       Finesse           |       |       |       |     2 |     5 |       ||     7
 Abil: Dig               |       |       |       |     7 |    10 |     5 ||    22
Evoke: Wand              |       |       |     2 |     1 |    12 |     1 ||    16
  Use: Potion            |       |       |     1 |     1 |     2 |     2 ||     6
       Scroll            |       |       |       |    16 |    14 |     2 ||    32
 Stab: Held in net/web   |       |     1 |       |       |       |       ||     1
       Paralysed         |       |       |       |     2 |     1 |       ||     3
Armor: Scale mail        |    43 |    55 |    70 |   106 |       |       ||   274
       Chain mail        |       |       |       |    58 |   210 |    35 ||   303
       Storm dragon scal |       |       |       |       |       |    15 ||    15
Dodge: Dodged            |    34 |    58 |    69 |   141 |   184 |    50 ||   536
Block: Kite shield       |    65 |    72 |   121 |   367 |   350 |    70 ||  1045
       Reflection        |       |       |       |    15 |    22 |       ||    37
